 Dungeon Crawl Stone Soup version 0.29-a0-43-g62a80824bf (webtiles) character file.

Game seed: 15994480677228780184

25969 mathmaestro the Grappler (level 12, 0/122 HPs)
             Began as a Troll Monk on Feb 2, 2022.
             Slain by a six-headed hydra (1 damage)
             ... on level 5 of the Lair of Beasts.
             The game lasted 00:30:56 (12963 turns).

mathmaestro the Grappler (Troll Monk)              Turns: 12963, Time: 00:30:58

Health: 0/122      AC: 12    Str: 26    XL:     12   Next: 94%
Magic:  11/11      EV: 13    Int:  6    God:
Gold:   2363       SH:  4    Dex: 12    Spells: 11/11 levels left

rFire   . . .      SeeInvis .   C - +2 scimitar (flame)
rCold   . . .      Faith    .   (no shield)
rNeg    + . .      Spirit   .   q - +0 acid dragon scales
rPois   .          Reflect  .   (helmet restricted)
rElec   .          Harm     .   k - +1 cloak {Stlth+}
rCorr   +          Rampage  .   (gloves unavailable)
Will    +....                   (boots unavailable)
Stlth   ++........              b - amulet of the acrobat
HPRegen 1.10/turn               y - ring of willpower
MPRegen 0.12/turn               d - ring of positive energy

@: no status effects
A: large, unfitting armour, claws 3, regeneration 1, shaggy fur 1, tough skin 1,
large bone plates 1, sturdy frame 1
a: no special abilities


You were on level 5 of the Lair of Beasts.
You visited 4 branches of the dungeon, and saw 16 of its levels.
You also visited: Sewer.

You collected 2363 gold pieces.

Inventory:

Hand Weapons
 C - a +2 scimitar of flaming (weapon)
Missiles
 f - 13 large rocks (quivered)
 j - 85 sling bullets
 l - 24 poisoned darts
 m - 147 stones
 x - 7 javelins
 B - 212 arrows
 D - 117 bolts
 J - 3 boomerangs
Armour
 k - a +1 cloak of stealth (worn)
 q - +0 acid dragon scales (worn)
Jewellery
 b - an amulet of the acrobat (around neck)
 d - a ring of positive energy (right claw)
 o - a ring of ice
 y - a ring of willpower (left claw)
 F - an amulet of reflection
 G - a ring of fire
Wands
 a - a wand of iceblast (4)
 A - a wand of acid (11)
 E - a wand of flame (39)
 H - a wand of paralysis (5)
 K - a wand of polymorph (13)
Scrolls
 c - 5 scrolls of teleportation
 e - 2 scrolls of blinking
 h - 2 scrolls of fog
 r - a scroll of magic mapping
 t - a scroll of fear
 w - 3 scrolls of enchant armour
Potions
 g - 5 potions of lignification
 i - 2 potions of curing
 n - 3 potions of cancellation {unknown}
 p - a potion of magic {unknown}
 s - 4 potions of brilliance {unknown}
 u - a potion of flight {unknown}
 v - a potion of mutation
 z - 2 potions of haste {unknown}


   Skills:
 + Level 8.6 Fighting
 + Level 8.1 Throwing
 * Level 6.8 Armour
 + Level 8.6 Dodging
 - Level 1.0 Stealth
 + Level 10.3 Unarmed Combat
 + Level 6.0 Evocations


You had 11 spell levels left.
You didn't know any spells.
Your spell library contained the following spells:

 Spells                   Type           Power      Damage    Failure   Level
 Magic Dart               Conj           0%         1d3       45%         1
 Pain                     Necr           0%         1d4       45%         1
 Summon Small Mammal      Summ           0%         N/A       45%         1
 Searing Ray              Conj           0%         2d4       61%         2
 Sublimation of Blood     Necr           0%         N/A       61%         2
 Wereblood                Tmut           0%         N/A       61%         2
 Call Canine Familiar     Summ           0%         N/A       83%         3
 Conjure Flame            Conj/Fire      0%         6-21      83%         3
 Ignite Poison            Fire/Tmut/Pois 0%         N/A       83%         3
 Summon Guardian Golem    Hex/Summ       0%         N/A       83%         3
 Tukima's Dance           Hex            0%         N/A       83%         3
 Anguish                  Hex/Necr       0%         N/A       99%         4
 Fulminant Prism          Conj/Hex       0%         3d6       99%         4
 Sticky Flame             Conj/Fire      0%         2d3       99%         4
 Agony                    Necr           0%         N/A       100%        5
 Excruciating Wounds      Necr           0%         N/A       100%        5
 Enfeeble                 Hex            0%         N/A       100%        7
 Summon Hydra             Summ           0%         N/A       100%        7


Dungeon Overview and Level Annotations

Branches:
Dungeon (9/15)             Temple (1/1) D:6            Lair (5/6) D:9
  Swamp (0/4) Lair:3       Spider (0/4) Lair:4        Slime (0/5) Lair:5
    Orc (1/2) D:9           Sewer (visited)

Altars:
Ashenzari
Cheibriados
Dithmenos
Elyvilon
Fedhas
Gozag
Hepliaklqana
Kikubaaqudgha
Makhleb
Nemelex Xobeh
Okawaru
Qazlal
Ru
Sif Muna
Trog
Uskayaw
Vehumet
Wu Jian
Xom
Yredelemnul
Zin
The Shining One

Shops:
D:4 (

Annotations:
Lair:4 3 runed translucent doors, exclusion: oklob plant, freelancePsychic's ghost, journeyman VSBr


Innate Abilities, Weirdness & Mutations

You are too large for most types of armour.
You have claws for hands.
Your natural rate of healing is unusually fast.
You are covered in fur. (AC +1)
You have tough skin. (AC +1)
You are partially covered in large bone plates. (SH +4)
Your movements are slightly less encumbered by armour. (ER -2)


Message History

Throw: 14 large rocks
Press: ? - help, Q - select action, (/) - cycle Shift-Dir - straight line, f/p - eight-headed hydra
Aim: an eight-headed hydra (heavily wounded, 82% to hit)
You throw a large rock.
The large rock barely misses the eight-headed hydra.
The eight-headed hydra bites you!
The eight-headed hydra bites you but does no damage.
The eight-headed hydra bites you!
The eight-headed hydra bites you but does no damage. x2
The eight-headed hydra bites you! x3
Your +2 scimitar of flaming bursts into flame!
C - a +2 scimitar of flaming (weapon)
Unknown command.
You lop one of the eight-headed hydra's heads off!
The flame cauterises the wound!
You slash the seven-headed hydra! You burn the seven-headed hydra.
The seven-headed hydra is severely wounded.
The seven-headed hydra bites you. The seven-headed hydra bites you! x3
* * * LOW HITPOINT WARNING * * *
The seven-headed hydra closely misses you.
The seven-headed hydra bites you but does no damage. x2
You lop one of the seven-headed hydra's heads off!
The flame cauterises the wound!
You hit the six-headed hydra. You burn the six-headed hydra.
The six-headed hydra is severely wounded.
The six-headed hydra bites you!
* * * LOW HITPOINT WARNING * * *
You block the six-headed hydra's attack.
The six-headed hydra closely misses you.
The six-headed hydra bites you!
* * * LOW HITPOINT WARNING * * *
The six-headed hydra bites you.
* * * LOW HITPOINT WARNING * * *
The six-headed hydra bites you but does no damage.
The six-headed hydra bites you.
* * * LOW HITPOINT WARNING * * *
The six-headed hydra bites you!
* * * LOW HITPOINT WARNING * * *
The six-headed hydra bites you.
You die...

*** ##* **####
********,#**##P#***.P#.#****** *
*,**,**,,#.##...,.#.....,,*,,****
,,,,,,,,,.......,.......>,,,,,,,,
*,,,*****.......,#.P..*,,,,,,,,*,
*,,** *#......##..#**,*,,,,*,,*
*,,******#.[.....P..###**,,,,,**,
*,,+,_,,*#..>...@.....# *,.....,,
,,,**,>,*#.......D....#**.......,
,,,**,,,*#.P...P.#(..##*.......P^
,,,******#......#.#.####......##,
*,,,*****..#......#(...##....#.#,
*,,,,,,,,.#....................##
*,,,,**,,........................
*,,,,,,,,........(...............
*,,,,,,,,,.......................


You could see a six-headed hydra.

Vanquished Creatures
  An ettin (Orc:1)
  3 hydras
  A centaur warrior (D:8)
  Erica (D:9)
  A two-headed ogre (D:9)
  6 death yaks
  A deep elf zephyrmancer (D:9)
  2 cyclopes (D:8)
  4 black mambas (Lair:3)
  Maggie (D:8)
  Maurice (D:8)
  4 cane toads
  An unseen horror (D:6)
  A rime drake (Lair:4)
  3 komodo dragons
  A meliai (Lair:4)
  Grinder (D:6)
  A troll (Orc:1)
  Prince Ribbit (D:6)
  2 polar bears
  6 blink frogs
  2 dream sheep (Lair:2)
  Sigmund (D:6)
  2 shadows (D:9)
  Eustachio (D:5)
  2 wyverns
  A golden eye (shapeshifter) (D:8)
  10 yaks
  7 steam dragons
  4 vampire mosquitoes (Lair:3)
  Edmund (D:4)
  Duvessa (D:6)
  2 acid dragons
  9 water moccasins
  3 orc warriors
  2 sky beasts (D:5)
  3 black bears
  4 ogres
  5 wolves (Lair:1)
  4 centaurs
  3 phantoms
  12 bullfrogs
  A gnoll sergeant (D:9)
  A scorpion (D:6)
  A wyvern zombie (D:8)
  Dowan (D:6)
  2 water moccasin skeletons
  4 killer bees (Lair:4)
  3 troll zombies (D:9)
  4 wights (D:9)
  An electric eel (Lair:2)
  A bullfrog zombie (D:7)
  4 centaur zombies
  6 hounds
  An orc priest (D:9)
  2 jellies
  A centaur skeleton (D:7)
  A gnoll shaman (D:9)
  12 orc wizards
  Ijyb (D:5)
  4 iguanas
  A killer bee zombie (D:5)
  3 ogre zombies (D:9)
  4 hound skeletons
  Robin (D:4)
  7 gnolls (D:9)
  7 adders
  3 river rats
  A shadow imp (D:6)
  An ufetubus (D:7)
  4 worms
  4 dart slugs
  18 orcs
  6 ball pythons
  5 endoplasms
  5 giant cockroaches
  18 goblins
  6 hobgoblins
  10 jackals
  5 kobolds
  2 quokkas (D:1)
  5 bats
  8 frilled lizards
  A goblin skeleton (D:9)
  3 hobgoblin zombies (D:9)
  An orc skeleton (D:9)
  14 orc zombies (D:9)
  8 rats
324 creatures vanquished.

Vanquished Creatures (others)
  An orc wizard (D:9)
  12 fungi
  23 plants
36 creatures vanquished.

Grand Total: 360 creatures vanquished

Notes
Turn   | Place    | Note
-------+----------+-------------------------------------------
     0 | D:1      | mathmaestro the Troll Monk began the quest for the Orb.
     0 | D:1      | Reached XP level 1. HP: 22/22 MP: 0/0
    52 | D:1      | Reached XP level 2. HP: 29/29 MP: 1/1
   215 | D:1      | Found a faded altar of an unknown god.
   464 | D:2      | Reached XP level 3. HP: 36/36 MP: 2/2
  1002 | D:2      | Reached XP level 4. HP: 45/45 MP: 3/3
  1404 | D:3      | Found a glowing drain.
  1408 | Sewer    | Entered a sewer
  1419 | Sewer    | Reached skill level 4 in Unarmed Combat
  1489 | Sewer    | Reached XP level 5. HP: 53/53 MP: 4/4
  2202 | D:4      | Noticed Robin
  2244 | D:4      | Killed Robin
  2295 | D:4      | Noticed Edmund
  2369 | D:4      | Noticed a black bear
  2383 | D:4      | Killed a black bear
  2384 | D:4      | Reached XP level 6. HP: 43/62 MP: 5/5
  2474 | D:4      | Reached skill level 5 in Unarmed Combat
  2494 | D:4      | Found Puon Luf's Antique Weapon Shoppe.
  2520 | D:4      | Killed Edmund
  2521 | D:4      | Reached XP level 7. HP: 70/70 MP: 6/6
  2541 | D:4      | Reached skill level 1 in Throwing
  2889 | D:5      | Entered Level 5 of the Dungeon
  2896 | D:5      | Noticed Ijyb
  3046 | D:5      | Noticed Eustachio
  3065 | D:5      | Killed Eustachio
  3066 | D:5      | Reached skill level 5 in Dodging
  3066 | D:5      | Reached skill level 6 in Unarmed Combat
  3066 | D:5      | Reached XP level 8. HP: 64/79 MP: 7/7
  3114 | D:5      | Reached skill level 5 in Fighting
  3146 | D:5      | Killed Ijyb
  3716 | D:6      | Noticed Prince Ribbit
  3759 | D:6      | Killed Prince Ribbit
  3934 | D:6      | Found an opulent altar of Gozag.
  3947 | D:6      | Reached skill level 1 in Evocations
  4005 | D:6      | Noticed Sigmund
  4012 | D:6      | Killed Sigmund
  4013 | D:6      | Reached XP level 9. HP: 89/89 MP: 8/8
  4043 | D:6      | Noticed Grinder
  4043 | D:6      | Noticed Dowan
  4068 | D:6      | Killed Dowan
  4076 | D:6      | Killed Grinder
  4077 | D:6      | Reached skill level 7 in Unarmed Combat
  4098 | D:6      | Noticed Duvessa
  4106 | D:6      | Killed Duvessa
  4238 | D:6      | Killed an unseen horror
  4583 | D:6      | Found a staircase to the Ecumenical Temple.
  4592 | Temple   | Entered the Ecumenical Temple
  4908 | D:7      | Gained mutation: You expend magic power (3 MP) to
                  | strengthen your wands. [potion of mutation]
  4908 | D:7      | Lost mutation: You expend magic power (3 MP) to strengthen
                  | your wands. [potion of mutation]
  4908 | D:7      | Gained mutation: You have sharp toenails. [potion of
                  | mutation]
  4909 | D:7      | Lost mutation: You have sharp toenails. [potion of
                  | mutation]
  4909 | D:7      | Gained mutation: Your skin changes colour to match your
                  | surroundings (Stealth+). [potion of mutation]
  4909 | D:7      | Gained mutation: You are weak. (Str -2) [potion of
                  | mutation]
  4909 | D:7      | Gained mutation: Your spells are a little harder to cast,
                  | but a little more powerful. [potion of mutation]
  5024 | D:7      | Reached skill level 5 in Throwing
  5562 | D:8      | Identified a scroll of acquirement
  5562 | D:8      | Acquired 1099 gold pieces
  5696 | D:8      | Noticed Maurice
  5761 | D:8      | Noticed a centaur warrior
  5770 | D:8      | Killed a centaur warrior
  5771 | D:8      | Reached XP level 10. HP: 71/100 MP: 9/9
  5810 | D:8      | Noticed a cyclops
  5817 | D:8      | Killed a cyclops
  5818 | D:8      | Reached skill level 8 in Unarmed Combat
  5850 | D:8      | Killed Maurice
  6037 | D:8      | Noticed a cyclops
  6046 | D:8      | Killed a cyclops
  6187 | D:8      | Lost mutation: Your spells are a little harder to cast, but
                  | a little more powerful. [potion of mutation]
  6187 | D:8      | Lost mutation: You are weak. (Str -2) [potion of mutation]
  6187 | D:8      | Lost mutation: Your skin changes colour to match your
                  | surroundings (Stealth+). [potion of mutation]
  6187 | D:8      | Gained mutation: You are partially covered in large bone
                  | plates. (SH +4) [potion of mutation]
  6187 | D:8      | Gained mutation: Your movements are slightly less
                  | encumbered by armour. (ER -2) [potion of mutation]
  6298 | D:8      | Noticed Maggie
  6314 | D:8      | Killed Maggie
  7092 | D:9      | Reached skill level 1 in Armour
  7168 | D:9      | Found a staircase to the Orcish Mines.
  7267 | D:9      | Noticed a two-headed ogre
  7292 | D:9      | Killed a two-headed ogre
  7293 | D:9      | Reached XP level 11. HP: 60/109 MP: 10/10
  7756 | D:9      | Found a staircase to the Lair.
  7971 | D:9      | Noticed a deep elf zephyrmancer
  7973 | D:9      | Killed a deep elf zephyrmancer
  8180 | Orc:1    | Entered Level 1 of the Orcish Mines
  8186 | Orc:1    | Reached skill level 9 in Unarmed Combat
  8260 | Orc:1    | Noticed Erica
  8306 | D:9      | Killed Erica
  8414 | Orc:1    | Noticed an ettin
  8429 | Orc:1    | Killed an ettin
  8741 | Lair:1   | Entered Level 1 of the Lair of Beasts
  8952 | Lair:1   | Noticed a five-headed hydra
  8959 | Lair:1   | Killed a two-headed hydra
  9291 | Lair:1   | Reached skill level 5 in Evocations
 10027 | Lair:2   | Reached XP level 12. HP: 90/119 MP: 11/11
 10101 | Lair:2   | Reached skill level 5 in Armour
 10337 | Lair:2   | Noticed a five-headed hydra
 10347 | Lair:2   | Killed a one-headed hydra
 10498 | Lair:2   | Noticed a death yak
 10499 | Lair:2   | Noticed a death yak
 10499 | Lair:2   | Noticed a death yak
 10501 | Lair:2   | Noticed a death yak
 10504 | Lair:2   | Noticed a death yak
 10506 | Lair:2   | Killed a death yak
 10506 | Lair:2   | Noticed a death yak
 10516 | Lair:2   | Killed a death yak
 10526 | Lair:2   | Killed a death yak
 10548 | Lair:2   | HP: 6/120 [death yak (17)]
 10550 | Lair:1   | HP: 2/120 [death yak (13)]
 10554 | Lair:1   | Killed a death yak
 10840 | Lair:2   | Killed a death yak
 10850 | Lair:2   | Killed a death yak
 10851 | Lair:2   | Reached skill level 10 in Unarmed Combat
 11352 | Lair:3   | Found a staircase to the Swamp.
 12087 | Lair:4   | Noticed freelancePsychic's ghost (journeyman VSBr)
 12087 | Lair:4   | Noticed a death yak
 12087 | Lair:4   | Noticed an alligator
 12088 | Lair:4   | Found a runed translucent gate.
 12088 | Lair:4   | Found a runed translucent gate.
 12088 | Lair:4   | Found a runed translucent gate.
 12369 | Lair:4   | Found a hole to the Spider Nest.
 12932 | Lair:5   | Noticed a seven-headed hydra
 12941 | Lair:5   | Killed a one-headed hydra
 12948 | Lair:5   | Noticed an eight-headed hydra
 12963 | Lair:5   | HP: 1/122 [six-headed hydra (10)]
 12963 | Lair:5   | Slain by a six-headed hydra

Illustrated notes

Levels and vault maps discovered:
D:1:      dpeg_arrival_houses_and_road, layout_rooms, basic_ecumenical_altar
D:2:      layout_loops_cross
D:3:      layout_loops_cross, gup_sewer_entry_spiral, minmay_stone_trees_small,
          hex_tiny, minmay_statues_item, due_unseen_surprise
D:4:      layout_basic, serial_shops, shop, uniq_edmund, uniq_robin
D:5:      layout_cave_pools, uniq_eustachio, uniq_ijyb
D:6:      layout_basic, mainiacjoe_overflow_concentric_impassable,
          lemuel_temple_firewalk_a, uniq_grinder, uniq_sigmund,
          uniq_prince_ribbit1, uniq_duvessa
D:7:      layout_basic
D:8:      layout_layer_cave, kb_rosetta, uniq_maggie, uniq_maurice
D:9:      layout_irregular_city, dpeg_oklobed_lair, zombieorc1_lemuel,
          guppyfry_early_elven_hall
Temple:   mainiacjoe_temple_hex_bubbles
Lair:1:   layout_cave_pods, grunt_megastairs_5
Lair:2:   layout_chaotic_city, wad_woods_river_01
Lair:3:   layout_hall_layers, minmay_swamp_entry_swarm
Lair:4:   minmay_lair_oklob_tunnel, layout_small_grid,
          hellmonk_spider_entry_not_the_bees, gammafunk_ghost_split,
          minivault_19
Lair:5:   layout_regular_city, dpeg_slime_entry_enclosed_altar,
          maelrawn_ghost_gauntlet_escape
Orc:1:    layout_caves, uniq_erica

Skill      XL: |  1  2  3  4  5  6  7  8  9 10 11 12 |
---------------+-------------------------------------+-----
Dodging        | 3 4 5 6 7 8 |  8.6
Fighting       | 3 4 5 6 7 8 |  8.6
Unarmed Combat | 4 5 6 7 8 9 10 | 10.3
Throwing       | 2 3 5 6 7 8 |  8.1
Evocations     | 1 3 4 5 6 |  6.0
Armour         | 2 4 6 |  6.8
Stealth        | |  1.0

Action                   |  1- 3 |  4- 6 |  7- 9 | 10-12 || total
-------------------------+-------+-------+-------+-------++-------
Melee: Unarmed           |    75 |   183 |   244 |   608 ||  1110
       Punch             |     1 |     3 |    12 |    35 ||    51
       Scimitar          |       |       |       |    27 ||    27
Throw: Javelin           |       |     2 |    18 |     8 ||    28
       Large rock        |       |       |       |    16 ||    16
Evoke: Wand              |       |       |     1 |    10 ||    11
  Use: Potion            |       |     1 |     4 |     8 ||    13
       Scroll            |       |       |    14 |     6 ||    20
 Stab: Sleeping          |     3 |       |     6 |    10 ||    19
       Paralysed         |       |       |     3 |     5 ||     8
       Distracted        |       |       |       |     1 ||     1
Armor: Robe              |    19 |    46 |    67 |    18 ||   150
       Acid dragon scale |       |       |       |   168 ||   168
Dodge: Dodged            |    35 |   108 |   169 |   331 ||   643
Block: Other             |       |       |     3 |    84 ||    87

Table legend: (Time is in decaauts)
 A = Elapsed time spent in this place.
 B = Non-inter-level travel time spent in this place.
 C = Inter-level travel time spent in this place.
 D = Time resting spent in this place.
 E = Time spent auto-exploring this place.
 F = Levels seen in this place.
 G = Mean time per level.
                   A        B        C        D        E       F      G
               +--------+--------+--------+--------+--------+-----+--------+
         Total |  12925 |  12385 |    540 |   1340 |   8072 |  17 |  760.3 |
       Dungeon |   7734 |   7369 |    365 |    907 |   4402 |   9 |  859.3 |
        Temple |    250 |    212 |     38 |      0 |    211 |   1 |  250.0 |
          Lair |   4193 |   4080 |    113 |    323 |   3016 |   5 |  838.6 |
  Orcish Mines |    436 |    414 |     22 |    110 |    222 |   1 |  436.0 |
         Sewer |    310 |    310 |      0 |      0 |    220 |   1 |  310.0 |
               +--------+--------+--------+--------+--------+-----+--------+

Top non-repeatable levels by time:
     D:8: 1423 daAuts
     D:9: 1312 daAuts
  Lair:1: 1272 daAuts
  Lair:3: 1032 daAuts
  Lair:2: 983 daAuts
     D:6: 935 daAuts
     D:3: 874 daAuts
  Lair:4: 854 daAuts
     D:5: 749 daAuts
     D:4: 738 daAuts
     D:2: 668 daAuts
     D:7: 629 daAuts
   Orc:1: 436 daAuts
     D:1: 402 daAuts
   Sewer: 310 daAuts
